Phantoms vs Penguins

Created - Sunday, January 12, 2025 at 23:46

Goals
1 2 3 T
Phantoms 2 1 0 3
Penguins 1 1 0 2
Shots
1 2 3 T
Phantoms 18 10 7 35
Penguins 2 13 8 23

1st period

1. Phantoms , Simon Lundmark 9 (Ruslan Iskhakov 15, Matt Rempe 12) at 6:11 (PP)
2. Penguins , Nikita Chibrikov 21 (Antti Saarela 16, Anthony Deangelo 27) at 8:56
3. Phantoms , Jansen Harkins 18 (Ruslan Iskhakov 16, Robert Hagg 16) at 16:23 (PP)

Penalties :
Brayden Tracey (WBS) for Delaying the game (Minor) at 0:59, Jakub Zboril (WBS) for Tripping (Minor) at 4:37, Austin Watson (WBS) for High sticking (Minor) at 15:45, Antti Saarela (WBS) for Slashing (Minor) at 16:47

2nd period

4. Phantoms , Matej Blumel 29 (Jonathan Aspirot 8) at 13:16
5. Penguins , Nikita Chibrikov 22 (Lucas Edmonds 19, Tyson Hinds 5) at 14:54

Penalties :
Simon Lundmark (LEH) for Tripping (Minor) at 2:05, Lucas Edmonds (WBS) for Slashing (Minor) at 6:31, Tyler Kleven (WBS) for Cross-checking (Minor) at 6:37, Justin Kirkland (LEH) for High sticking (Minor) at 8:47, Marcel Marcel (WBS) for Holding (Minor) at 10:51, Oskar Back (LEH) for Holding (Minor) at 15:09, Jakub Zboril (WBS) for Tripping (Minor) at 19:21

3rd period

No Goal

Penalties :
Tyler Kleven (WBS) for High sticking (Minor) at 0:20, Matt Rempe (LEH) for Tripping (Minor) at 0:35, Austin Watson (WBS) for Tripping (Minor) at 6:09, Robert Hagg (LEH) for Tripping (Minor) at 10:13, Tyler Kleven (WBS) for High sticking (Minor) at 13:12, Matej Blumel (LEH) for Cross-checking (Minor) at 13:12, Dryden Hunt (LEH) for Cross-checking (Minor) at 15:20, Jake Massie (WBS) for Delaying the game (Minor) at 19:14

Goalie Stats

Matt Villalta (LEH), 21 saves from 23 shots - (0.913), W, 14-16-4, 60:00 minutes
Mitchell Weeks (WBS), 32 saves from 35 shots - (0.914), L, 1-4-0, 60:00 minutes

Players Stats for Phantoms

Player Name              G  A  P  +/- PIM S  H  SB GA TA FO     MP     PP MP  PK MP  
------------------------------------------------------------------------------------
Bokondji Imama           0  0  0   0  0   0  1  0  0  0  0/1     8:38   0:00   0:00 
Dryden Hunt              0  0  0  -2  2   1  5  0  0  0  2/3    18:02   6:17   0:00 
Fredrik Karlstrom        0  0  0   0  0   4  0  2  0  0  7/10   23:13   6:17   6:10 
Jansen Harkins           1  0  1  -2  0   7  0  0  0  0  2/3    21:43   7:55   2:02 
Jermaine Loewen          0  0  0   0  0   0  0  0  0  0  0/0     0:34   0:00   0:00 
Jonathan Aspirot         0  1  1   1  0   0  1  1  0  0  0/0    11:23   0:00   0:27 
Justin Bailey            0  0  0   0  0   1  0  0  0  0  0/0     3:38   0:25   0:00 
Justin Kirkland          0  0  0   1  2   4  1  0  0  0  0/0    12:25   0:00   0:00 
Leon Gawanke             0  0  0  -2  0   3  1  1  0  0  0/0    23:56   6:55   4:40 
Mac Hollowell            0  0  0   0  0   0  0  0  0  0  0/0     0:27   0:00   0:27 
Matej Blumel             1  0  1   1  2   3  1  0  0  0  0/0    13:45   0:00   1:20 
Matt Rempe               0  1  1   0  2   4  6  0  0  0  6/9    20:42   7:29   4:22 
Oskar Back               0  0  0   0  2   2  2  0  0  0  22/38  25:05   6:03   4:04 
Reilly Walsh             0  0  0   0  0   2  1  2  0  0  0/0    24:41   7:17   5:03 
Robert Hagg              0  1  1   0  2   1  1  2  0  0  0/0    23:34   7:17   3:46 
Ruslan Iskhakov          0  2  2  -1  0   2  1  0  0  0  16/29  18:17   8:09   2:22 
Simon Lundmark           1  0  1  -2  2   1  2  1  0  0  0/0    23:07   6:55   3:52 
Ville Heinola            0  0  0   1  0   0  0  1  0  0  0/0    12:50   0:00   2:05 

Players Stats for Penguins

Player Name              G  A  P  +/- PIM S  H  SB GA TA FO     MP     PP MP  PK MP  
------------------------------------------------------------------------------------
Anthony Deangelo         0  1  1   1  0   2  1  1  0  0  0/0    23:11   4:12   6:58 
Antti Saarela            0  1  1   1  2   1  0  0  0  0  10/26  16:25   4:54   0:16 
Austin Watson            0  0  0   0  4   3  3  0  0  0  12/27  21:33   3:20   6:31 
Brayden Tracey           0  0  0   0  2   4  0  0  0  0  0/0    18:42   5:03   2:21 
Brendan Lemieux          0  0  0   0  0   1  3  0  0  0  0/1    13:16   0:00   6:53 
Corey Schueneman         0  0  0   0  0   3  5  1  0  0  0/0    23:45   5:18   7:30 
Daniel Torgersson        0  0  0   0  0   1  0  0  0  0  0/0    15:53   0:40   0:00 
Farm Player 115          0  0  0   0  0   0  1  0  0  0  4/11   13:03   0:40   2:03 
Jake Massie              0  0  0   1  2   1  0  1  0  0  0/0    18:26   4:26   2:28 
Jakub Zboril             0  0  0   0  4   0  1  0  0  0  0/0    12:30   0:00   0:00 
Lucas Edmonds            0  1  1   1  2   0  1  0  0  0  0/2    16:22   5:07   0:00 
Marcel Marcel            0  0  0   0  2   0  0  0  0  0  0/2     3:12   1:16   0:00 
Nikita Chibrikov         2  0  2   1  0   5  1  0  0  0  2/2    19:35   5:27   2:50 
Ozzy Wiesblatt           0  0  0   0  0   0  0  0  0  0  0/0     0:00   0:00   0:00 
Roni Hirvonen            0  0  0   0  0   0  0  0  0  0  0/0     0:00   0:00   0:00 
Ryan Winterton           0  0  0   0  0   0  0  0  0  0  10/22  21:25   4:03   6:07 
Tyler Kleven             0  0  0   0  6   2  0  1  0  0  0/0    21:01   5:25   5:58 
Tyson Hinds              0  1  1   0  0   0  0  1  0  0  0/0    20:41   0:59   6:58 

3 Stars

1 - Nikita Chibrikov (WBS)
2 - Matej Blumel (LEH)
3 - Jonathan Aspirot (LEH)

Power Play

Phantoms - 2 on 11 Attempt(s) - 18.18%
Penguins - 0 on 6 Attempt(s) - 0.00%

Penalty Kill

Phantoms - 6 on 6 Attempt(s) - 100.00% - Score 0 goal in Penalty Kill
Penguins - 9 on 11 Attempt(s) - 81.82% - Score 0 goal in Penalty Kill

Team Stat

Phantoms - Hits : 23 - Faceoff Wins : 55 - Blocked Shots : 10 - Penalty Minutes : 14
Penguins - Hits : 16 - Faceoff Wins : 38 - Blocked Shots : 5 - Penalty Minutes : 24

Official

Referees : Francis Charron and Beaudry Halkidis
Linesman : Kiel Murchison and Ryan Daisy

Game Notes

No Game Note

Finance

Level 1 -- Attendance: 2000 (100.00%) -- Ticket Income $70,000
Level 2 -- Attendance: 1000 (100.00%) -- Ticket Income $15,000
Total Attendance: 3000 (100.00%)
Total Ticket Income: $85,000
Other Income: $41,650
Total Income: $126,650

Phantoms

5 vs 5 Forward 
   Center                   Left Wing                Right Wing               Time % Phy DF OF 
 1 Oskar Back               Matej Blumel             Justin Kirkland          25     1   2  2  
 2 Ruslan Iskhakov          Jansen Harkins           Dryden Hunt              25     1   2  2  
 3 Fredrik Karlstrom        Bokondji Imama           Matt Rempe               25     1   2  2  
 4 Matt Rempe               Dryden Hunt              Jansen Harkins           25     1   2  2  

5 vs 5 Defense 
   Defense                  Defense                                           Time % Phy DF OF 
 1 Robert Hagg              Reilly Walsh                                      25     1   2  2  
 2 Leon Gawanke             Simon Lundmark                                    25     1   2  2  
 3 Jonathan Aspirot         Ville Heinola                                     25     1   2  2  
 4 Reilly Walsh             Robert Hagg                                       25     1   2  2  

PowerPlay Forward 
   Center                   Left Wing                Right Wing               Time % Phy DF OF 
 1 Oskar Back               Dryden Hunt              Fredrik Karlstrom        60     1   2  2  
 2 Ruslan Iskhakov          Jansen Harkins           Matt Rempe               40     1   2  2  

PowerPlay Defense
   Defense                  Defense                                           Time % Phy DF OF 
 1 Robert Hagg              Reilly Walsh                                      60     1   2  2  
 2 Leon Gawanke             Simon Lundmark                                    40     1   2  2  

Penalty Kill 4 Players Forward 
   Center                   Wing                     Time % Phy DF OF 
 1 Oskar Back               Fredrik Karlstrom        60     1   2  2  
 2 Matt Rempe               Jansen Harkins           40     1   2  2  

Penalty Kill 4 Players Defense
   Defense                  Defense                  Time % Phy DF OF 
 1 Robert Hagg              Reilly Walsh             60     1   2  2  
 2 Leon Gawanke             Simon Lundmark           40     1   2  2  

Penalty Kill - 3 Players Forward 
   Forward                                           Time % Phy DF OF 
 1 Fredrik Karlstrom                                 60     1   2  2  
 2 Oskar Back                                        40     1   2  2  

Penalty Kill - 3 Players Defense
   Defense                  Defense                  Time % Phy DF OF 
 1 Robert Hagg              Reilly Walsh             60     1   2  2  
 2 Leon Gawanke             Simon Lundmark           40     1   2  2  

4 vs 4 Forward 
   Center                   Wing                     Time % Phy DF OF 
 1 Oskar Back               Fredrik Karlstrom        60     1   2  2  
 2 Dryden Hunt              Jansen Harkins           40     1   2  2  

4 vs 4 Defense
   Defense                  Defense                  Time % Phy DF OF 
 1 Robert Hagg              Reilly Walsh             60     1   2  2  
 2 Leon Gawanke             Simon Lundmark           40     1   2  2  

Last Minutes Offensive
   Center                   Left Wing                Right Wing               Defense                  Defense                  
   Oskar Back               Matej Blumel             Dryden Hunt              Robert Hagg              Reilly Walsh             

Last Minutes Defensive
   Center                   Left Wing                Right Wing               Defense                  Defense                  
   Oskar Back               Matej Blumel             Dryden Hunt              Robert Hagg              Reilly Walsh             

Goaltenders
Starting : Matt Villalta            
Backup : FarmGoal5                

Extra Forwards
Normal : Fredrik Karlstrom, Oskar Back, Matt Rempe - PP : Fredrik Karlstrom, Oskar Back - PK : Matt Rempe
Extra Defensemen
Normal : Jonathan Aspirot, Ville Heinola, Robert Hagg - PP : Jonathan Aspirot - PK : Ville Heinola, Robert Hagg
Penalty Shots
Fredrik Karlstrom, Dryden Hunt, Matt Rempe, Jansen Harkins, Oskar Back
Custom OT Lines Forwards
Jermaine Loewen, Dryden Hunt, Matej Blumel, Jansen Harkins, Oskar Back, Ruslan Iskhakov, Fredrik Karlstrom, Justin Kirkland, Matt Rempe, Bokondji Imama
Custom OT Lines Defensemen
Robert Hagg, Reilly Walsh, Leon Gawanke, Simon Lundmark, Jonathan Aspirot

Scratches
Farm Player 117 (Healthy), Farm Player 118 (Healthy), Alexis Gendron (Healthy), Mason Millman (Healthy)

Penguins

5 vs 5 Forward 
   Center                   Left Wing                Right Wing               Time % Phy DF OF 
 1 Ryan Winterton           Austin Watson            Brendan Lemieux          25     1   2  2  
 2 Antti Saarela            Nikita Chibrikov         Lucas Edmonds            25     1   2  2  
 3 Farm Player 115          Brayden Tracey           Daniel Torgersson        25     1   2  2  
 4 Austin Watson            Daniel Torgersson        Ryan Winterton           25     1   2  2  

5 vs 5 Defense 
   Defense                  Defense                                           Time % Phy DF OF 
 1 Jake Massie              Anthony Deangelo                                  25     1   2  2  
 2 Corey Schueneman         Tyler Kleven                                      25     1   2  2  
 3 Jakub Zboril             Tyson Hinds                                       25     1   2  2  
 4 Jake Massie              Anthony Deangelo                                  25     1   2  2  

PowerPlay Forward 
   Center                   Left Wing                Right Wing               Time % Phy DF OF 
 1 Ryan Winterton           Austin Watson            Brayden Tracey           60     1   2  2  
 2 Antti Saarela            Nikita Chibrikov         Lucas Edmonds            40     1   2  2  

PowerPlay Defense
   Defense                  Defense                                           Time % Phy DF OF 
 1 Jake Massie              Anthony Deangelo                                  60     1   2  2  
 2 Corey Schueneman         Tyler Kleven                                      40     1   2  2  

Penalty Kill 4 Players Forward 
   Center                   Wing                     Time % Phy DF OF 
 1 Austin Watson            Brendan Lemieux          60     1   2  2  
 2 Ryan Winterton           Nikita Chibrikov         40     1   2  2  

Penalty Kill 4 Players Defense
   Defense                  Defense                  Time % Phy DF OF 
 1 Tyson Hinds              Anthony Deangelo         60     1   2  2  
 2 Corey Schueneman         Tyler Kleven             40     1   2  2  

Penalty Kill - 3 Players Forward 
   Forward                                           Time % Phy DF OF 
 1 Austin Watson                                     60     1   2  2  
 2 Ryan Winterton                                    40     1   2  2  

Penalty Kill - 3 Players Defense
   Defense                  Defense                  Time % Phy DF OF 
 1 Jake Massie              Anthony Deangelo         60     1   2  2  
 2 Corey Schueneman         Tyler Kleven             40     1   2  2  

4 vs 4 Forward 
   Center                   Wing                     Time % Phy DF OF 
 1 Austin Watson            Brayden Tracey           60     1   2  2  
 2 Ryan Winterton           Nikita Chibrikov         40     1   2  2  

4 vs 4 Defense
   Defense                  Defense                  Time % Phy DF OF 
 1 Jake Massie              Anthony Deangelo         60     1   2  2  
 2 Corey Schueneman         Tyler Kleven             40     1   2  2  

Last Minutes Offensive
   Center                   Left Wing                Right Wing               Defense                  Defense                  
   Ryan Winterton           Austin Watson            Brendan Lemieux          Corey Schueneman         Anthony Deangelo         

Last Minutes Defensive
   Center                   Left Wing                Right Wing               Defense                  Defense                  
   Ryan Winterton           Austin Watson            Brendan Lemieux          Corey Schueneman         Anthony Deangelo         

Goaltenders
Starting : Mitchell Weeks           
Backup : Aaron Dell               

Extra Forwards
Normal : Marcel Marcel, Brayden Tracey, Austin Watson - PP : Marcel Marcel, Brayden Tracey - PK : Austin Watson
Extra Defensemen
Normal : Anthony Deangelo, Tyson Hinds, Jake Massie - PP : Anthony Deangelo - PK : Tyson Hinds, Jake Massie
Penalty Shots
Austin Watson, Brendan Lemieux, Ryan Winterton, Nikita Chibrikov, Brayden Tracey
Custom OT Lines Forwards
Austin Watson, Brendan Lemieux, Ryan Winterton, Nikita Chibrikov, Brayden Tracey, Lucas Edmonds, Farm Player 115, Daniel Torgersson, Antti Saarela, Marcel Marcel
Custom OT Lines Defensemen
Tyson Hinds, Anthony Deangelo, Corey Schueneman, Tyler Kleven, Jake Massie

Scratches
Farm Player 17 (Healthy), Farm Player 19 (Healthy), Thomas Milic (Healthy), Nico Daws (Healthy)

% Time on Ice - Phantoms

Lines # - Real PCT - Wanted PCT - Time Play
Normal Forward
1 - 39% - 25% - 12:26
2 - 25% - 25% - 7:59
3 - 27% - 25% - 8:38
4 - 9% - 25% - 2:52
Normal Defense
1 - 15% - 25% - 4:53
2 - 33% - 25% - 10:31
3 - 34% - 25% - 10:45
4 - 18% - 25% - 5:46
PP Forward
1 - 44% - 60% - 6:17
2 - 56% - 40% - 7:55
PP Defense
1 - 51% - 60% - 7:17
2 - 49% - 40% - 6:55
PK Forward
1 - 79% - 60% - 8:03
2 - 21% - 40% - 2:07
PK Defense
1 - 54% - 60% - 5:30
2 - 46% - 40% - 4:40
PK3 Forward
1 - 0% - 60%
2 - 0% - 40%
PK3 Defense
1 - 0% - 60%
2 - 0% - 40%
44 Forward
1 - 75% - 60% - 2:48
2 - 25% - 40% - 0:55
44 Defense
1 - 51% - 60% - 1:53
2 - 49% - 40% - 1:50
Last Minute Offensive  - 0:00
Last Minute Defensive  - 0:00
Total
Forward - 60:00
Defense - 60:00

% Time on Ice - Penguins

Lines # - Real PCT - Wanted PCT - Time Play
Normal Forward
1 - 20% - 25% - 6:23
2 - 35% - 25% - 11:11
3 - 30% - 25% - 9:31
4 - 15% - 25% - 4:50
Normal Defense
1 - 16% - 25% - 5:11
2 - 30% - 25% - 9:39
3 - 38% - 25% - 12:17
4 - 15% - 25% - 4:48
PP Forward
1 - 50% - 60% - 5:03
2 - 50% - 40% - 5:07
PP Defense
1 - 48% - 60% - 4:52
2 - 52% - 40% - 5:18
PK Forward
1 - 77% - 60% - 9:14
2 - 23% - 40% - 2:50
PK Defense
1 - 48% - 60% - 5:50
2 - 52% - 40% - 6:14
PK3 Forward
1 - 87% - 60% - 2:31
2 - 13% - 40% - 0:22
PK3 Defense
1 - 48% - 60% - 1:23
2 - 52% - 40% - 1:30
44 Forward
1 - 96% - 60% - 2:51
2 - 4% - 40% - 0:07
44 Defense
1 - 31% - 60% - 0:56
2 - 69% - 40% - 2:02
Last Minute Offensive  - 0:00
Last Minute Defensive  - 0:00
Total
Forward - 60:00
Defense - 60:00

Play-by-Play

1st period


0:01 of 1st period - Oskar Back wins face-off versus Ryan Winterton in neutral zone.
0:10 of 1st period - Shot by Oskar Back.
0:10 of 1st period - Shot Blocked by Jake Massie.
0:12 of 1st period - Shot by Justin Kirkland.
0:12 of 1st period - Shot Blocked by Anthony Deangelo.
0:14 of 1st period - Shot by Oskar Back.
0:14 of 1st period - Stopped by Mitchell Weeks without a rebound.
0:15 of 1st period - Antti Saarela wins face-off versus Ruslan Iskhakov in Penguins zone.
0:33 of 1st period - Off-side.
0:34 of 1st period - Farm Player 115 wins face-off versus Fredrik Karlstrom in neutral zone.
0:58 of 1st period - Shot by Tyson Hinds.
0:58 of 1st period - Shot Blocked by Ville Heinola.
0:59 of 1st period - Minor Penalty to Brayden Tracey for Delaying the game.
1:00 of 1st period - Oskar Back wins face-off versus Austin Watson in Penguins zone.
1:13 of 1st period - Shot by Dryden Hunt.
1:13 of 1st period - Deflect By Oskar Back.
1:13 of 1st period - Stopped by Mitchell Weeks without a rebound.
1:14 of 1st period - Ruslan Iskhakov wins face-off versus Ryan Winterton in Penguins zone.
1:19 of 1st period - Shot by Jansen Harkins.
1:19 of 1st period - Stopped by Mitchell Weeks without a rebound.
1:20 of 1st period - Austin Watson wins face-off versus Dryden Hunt in Penguins zone.
1:32 of 1st period - Off-side.
1:33 of 1st period - Ruslan Iskhakov wins face-off versus Austin Watson in neutral zone.
2:07 of 1st period - Shot by Ruslan Iskhakov.
2:07 of 1st period - Stopped by Mitchell Weeks without a rebound.
2:08 of 1st period - Austin Watson wins face-off versus Oskar Back in Penguins zone.
2:08 of 1st period - Austin Watson is hit by Dryden Hunt.
2:57 of 1st period - Shot by Ruslan Iskhakov.
2:57 of 1st period - Shot Blocked by Tyson Hinds.
3:53 of 1st period - Shot by Fredrik Karlstrom.
3:53 of 1st period - Shot Misses the Net.
4:03 of 1st period - Shot by Nikita Chibrikov.
4:03 of 1st period - Shot Misses the Net.
4:30 of 1st period - Jakub Zboril is hit by Robert Hagg and loses puck.
4:37 of 1st period - Minor Penalty to Jakub Zboril for Tripping.
4:38 of 1st period - Jansen Harkins wins face-off versus Austin Watson in Penguins zone.
5:02 of 1st period - Shot by Jansen Harkins.
5:02 of 1st period - Stopped by Mitchell Weeks without a rebound.
5:03 of 1st period - Oskar Back wins face-off versus Ryan Winterton in Penguins zone.
5:10 of 1st period - Shot by Fredrik Karlstrom.
5:10 of 1st period - Shot Misses the Net.
5:20 of 1st period - Shot by Leon Gawanke.
5:20 of 1st period - Stopped by Mitchell Weeks with a rebound.
5:22 of 1st period - Shot by Fredrik Karlstrom.
5:22 of 1st period - Stopped by Mitchell Weeks with a rebound.
5:59 of 1st period - Off-side.
6:00 of 1st period - Austin Watson wins face-off versus Ruslan Iskhakov in neutral zone.
6:11 of 1st period - Shot by Simon Lundmark.
6:11 of 1st period - Goal by Simon Lundmark - Phantoms : 1 - Penguins : 0.
6:12 of 1st period - Nikita Chibrikov wins face-off versus Ruslan Iskhakov in neutral zone.
7:35 of 1st period - Brayden Tracey is hit by Matt Rempe.
7:41 of 1st period - Tyler Kleven is hit by Matt Rempe and loses puck.
8:54 of 1st period - Shot by Antti Saarela.
8:54 of 1st period - Shot Misses the Net.
8:56 of 1st period - Shot by Nikita Chibrikov.
8:56 of 1st period - Goal by Nikita Chibrikov - Phantoms : 1 - Penguins : 1.
8:57 of 1st period - Fredrik Karlstrom wins face-off versus Antti Saarela in neutral zone.
9:45 of 1st period - Icing by Fredrik Karlstrom.
9:46 of 1st period - Fredrik Karlstrom wins face-off versus Austin Watson in Phantoms zone.
9:57 of 1st period - Icing by Austin Watson.
9:58 of 1st period - Oskar Back wins face-off versus Austin Watson in Penguins zone.
10:04 of 1st period - Icing by Corey Schueneman.
10:05 of 1st period - Austin Watson wins face-off versus Oskar Back in Penguins zone.
10:05 of 1st period - Austin Watson is hit by Oskar Back.
10:13 of 1st period - Shot by Corey Schueneman.
10:13 of 1st period - Shot Misses the Net.
10:20 of 1st period - Austin Watson is hit by Reilly Walsh and loses puck.
10:45 of 1st period - Icing by Antti Saarela.
10:46 of 1st period - Matt Rempe wins face-off versus Antti Saarela in Penguins zone.
10:51 of 1st period - Shot by Matt Rempe.
10:51 of 1st period - Stopped by Mitchell Weeks without a rebound.
10:52 of 1st period - Antti Saarela wins face-off versus Matt Rempe in Penguins zone.
10:52 of 1st period - Antti Saarela is hit by Matt Rempe.
11:10 of 1st period - Shot by Matt Rempe.
11:10 of 1st period - Stopped by Mitchell Weeks without a rebound.
11:11 of 1st period - Fredrik Karlstrom wins face-off versus Farm Player 115 in Penguins zone.
11:24 of 1st period - Icing by Jakub Zboril.
11:25 of 1st period - Farm Player 115 wins face-off versus Ruslan Iskhakov in Penguins zone.
11:25 of 1st period - Farm Player 115 is hit by Dryden Hunt.
11:40 of 1st period - Shot by Reilly Walsh.
11:40 of 1st period - Stopped by Mitchell Weeks with a rebound.
11:42 of 1st period - Shot by Jansen Harkins.
11:42 of 1st period - Stopped by Mitchell Weeks without a rebound.
11:43 of 1st period - Ryan Winterton wins face-off versus Oskar Back in Penguins zone.
12:30 of 1st period - Robert Hagg is hit by Austin Watson and loses puck.
13:45 of 1st period - Shot by Justin Bailey.
13:45 of 1st period - Stopped by Mitchell Weeks without a rebound.
13:46 of 1st period - Oskar Back wins face-off versus Antti Saarela in Penguins zone.
14:32 of 1st period - Icing by Antti Saarela.
14:33 of 1st period - Fredrik Karlstrom wins face-off versus Antti Saarela in Penguins zone.
14:47 of 1st period - Icing by Robert Hagg.
14:48 of 1st period - Farm Player 115 wins face-off versus Bokondji Imama in Phantoms zone.
14:51 of 1st period - Shot by Daniel Torgersson.
14:51 of 1st period - Shot Misses the Net.
15:09 of 1st period - Shot by Brayden Tracey.
15:09 of 1st period - Shot Misses the Net.
15:11 of 1st period - Shot by Daniel Torgersson.
15:11 of 1st period - Deflect By Brayden Tracey.
15:11 of 1st period - Stopped by Matt Villalta without a rebound.
15:12 of 1st period - Ruslan Iskhakov wins face-off versus Farm Player 115 in Phantoms zone.
15:45 of 1st period - Minor Penalty to Austin Watson for High sticking.
15:46 of 1st period - Ryan Winterton wins face-off versus Oskar Back in Penguins zone.
16:03 of 1st period - Shot by Leon Gawanke.
16:03 of 1st period - Stopped by Mitchell Weeks without a rebound.
16:04 of 1st period - Ruslan Iskhakov wins face-off versus Ryan Winterton in Penguins zone.
16:21 of 1st period - Shot by Ruslan Iskhakov.
16:21 of 1st period - Shot Misses the Net.
16:23 of 1st period - Shot by Ruslan Iskhakov.
16:23 of 1st period - Deflect By Jansen Harkins.
16:23 of 1st period - Goal by Jansen Harkins - Phantoms : 2 - Penguins : 1.
16:24 of 1st period - Oskar Back wins face-off versus Antti Saarela in neutral zone.
16:47 of 1st period - Minor Penalty to Antti Saarela for Slashing.
16:48 of 1st period - Ruslan Iskhakov wins face-off versus Austin Watson in Penguins zone.
17:31 of 1st period - Shot by Leon Gawanke.
17:31 of 1st period - Stopped by Mitchell Weeks without a rebound.
17:32 of 1st period - Ryan Winterton wins face-off versus Fredrik Karlstrom in Penguins zone.
18:31 of 1st period - Shot by Matt Rempe.
18:31 of 1st period - Shot Misses the Net.
18:33 of 1st period - Shot by Reilly Walsh.
18:33 of 1st period - Shot Misses the Net.
18:35 of 1st period - Shot by Robert Hagg.
18:35 of 1st period - Shot Misses the Net.
18:59 of 1st period - Shot by Brayden Tracey.
18:59 of 1st period - Shot Blocked by Jonathan Aspirot.
19:17 of 1st period - Jakub Zboril is hit by Matej Blumel and loses puck.
19:40 of 1st period - Shot by Fredrik Karlstrom.
19:40 of 1st period - Stopped by Mitchell Weeks without a rebound.
19:41 of 1st period - Jansen Harkins wins face-off versus Antti Saarela in Penguins zone.
19:42 of 1st period - Shot by Ruslan Iskhakov.
19:42 of 1st period - Deflect By Dryden Hunt.
19:42 of 1st period - Stopped by Mitchell Weeks without a rebound.
19:43 of 1st period - Ruslan Iskhakov wins face-off versus Ryan Winterton in Penguins zone.
Goals for this period are 2 for Phantoms vs 1 for Penguins.
Shots for this period are 18 for Phantoms vs 2 for Penguins.

2nd period


0:01 of 2nd period - Matt Rempe wins face-off versus Austin Watson in neutral zone.
0:14 of 2nd period - Shot by Dryden Hunt.
0:14 of 2nd period - Deflect By Matt Rempe.
0:14 of 2nd period - Stopped by Mitchell Weeks without a rebound.
0:15 of 2nd period - Oskar Back wins face-off versus Antti Saarela in Penguins zone.
0:17 of 2nd period - Justin Kirkland is hit by Corey Schueneman.
0:19 of 2nd period - Shot by Matej Blumel.
0:19 of 2nd period - Shot Blocked by Tyler Kleven.
0:21 of 2nd period - Shot by Simon Lundmark.
0:21 of 2nd period - Shot Blocked by Corey Schueneman.
0:23 of 2nd period - Shot by Matej Blumel.
0:23 of 2nd period - Stopped by Mitchell Weeks without a rebound.
0:24 of 2nd period - Matt Rempe wins face-off versus Austin Watson in Penguins zone.
0:28 of 2nd period - Icing by Ryan Winterton.
0:29 of 2nd period - Austin Watson wins face-off versus Matt Rempe in Penguins zone.
1:02 of 2nd period - Shot by Daniel Torgersson.
1:02 of 2nd period - Shot Blocked by Reilly Walsh.
1:04 of 2nd period - Shot by Ryan Winterton.
1:04 of 2nd period - Shot Misses the Net.
1:16 of 2nd period - Shot by Nikita Chibrikov.
1:16 of 2nd period - Shot Blocked by Robert Hagg.
1:18 of 2nd period - Shot by Nikita Chibrikov.
1:18 of 2nd period - Stopped by Matt Villalta without a rebound.
1:19 of 2nd period - Antti Saarela wins face-off versus Oskar Back in Phantoms zone.
1:19 of 2nd period - Antti Saarela is hit by Simon Lundmark.
1:34 of 2nd period - Lucas Edmonds is hit by Leon Gawanke and loses puck.
1:38 of 2nd period - Icing by Matej Blumel.
1:39 of 2nd period - Farm Player 115 wins face-off versus Oskar Back in Phantoms zone.
1:51 of 2nd period - Brayden Tracey is hit by Simon Lundmark and loses puck.
2:05 of 2nd period - Minor Penalty to Simon Lundmark for Tripping.
2:06 of 2nd period - Oskar Back wins face-off versus Lucas Edmonds in Phantoms zone.
2:32 of 2nd period - Shot by Jake Massie.
2:32 of 2nd period - Stopped by Matt Villalta without a rebound.
2:33 of 2nd period - Ryan Winterton wins face-off versus Oskar Back in Phantoms zone.
2:48 of 2nd period - Shot by Brayden Tracey.
2:48 of 2nd period - Shot Misses the Net.
2:52 of 2nd period - Shot by Brayden Tracey.
2:52 of 2nd period - Stopped by Matt Villalta with a rebound.
2:54 of 2nd period - Shot by Brayden Tracey.
2:54 of 2nd period - Shot Misses the Net.
2:56 of 2nd period - Shot by Tyler Kleven.
2:56 of 2nd period - Stopped by Matt Villalta without a rebound.
2:57 of 2nd period - Matt Rempe wins face-off versus Antti Saarela in Phantoms zone.
2:57 of 2nd period - Robert Hagg is hit by Lucas Edmonds and loses puck.
3:43 of 2nd period - Icing by Ryan Winterton.
3:44 of 2nd period - Ryan Winterton wins face-off versus Ruslan Iskhakov in Penguins zone.
3:49 of 2nd period - Ryan Winterton is hit by Ruslan Iskhakov and loses puck.
4:18 of 2nd period - Shot by Jakub Zboril.
4:18 of 2nd period - Shot Misses the Net.
4:59 of 2nd period - Shot by Justin Kirkland.
4:59 of 2nd period - Stopped by Mitchell Weeks without a rebound.
5:00 of 2nd period - Fredrik Karlstrom wins face-off versus Antti Saarela in Penguins zone.
5:07 of 2nd period - Shot by Bokondji Imama.
5:07 of 2nd period - Deflect By Fredrik Karlstrom.
5:07 of 2nd period - Shot Misses the Net.
5:16 of 2nd period - Corey Schueneman is hit by Bokondji Imama and loses puck.
5:26 of 2nd period - Shot by Tyler Kleven.
5:26 of 2nd period - Stopped by Matt Villalta without a rebound.
5:27 of 2nd period - Oskar Back wins face-off versus Austin Watson in Phantoms zone.
6:28 of 2nd period - Shot by Nikita Chibrikov.
6:28 of 2nd period - Shot Misses the Net.
6:31 of 2nd period - Minor Penalty to Lucas Edmonds for Slashing.
6:32 of 2nd period - Ruslan Iskhakov wins face-off versus Ryan Winterton in Penguins zone.
6:32 of 2nd period - Ruslan Iskhakov is hit by Corey Schueneman.
6:37 of 2nd period - Minor Penalty to Tyler Kleven for Cross-checking.
6:38 of 2nd period - Ruslan Iskhakov wins face-off versus Austin Watson in Penguins zone.
6:53 of 2nd period - Shot by Jansen Harkins.
6:53 of 2nd period - Stopped by Mitchell Weeks without a rebound.
6:54 of 2nd period - Ryan Winterton wins face-off versus Oskar Back in Penguins zone.
7:13 of 2nd period - Shot by Fredrik Karlstrom.
7:13 of 2nd period - Stopped by Mitchell Weeks with a rebound.
7:48 of 2nd period - Shot by Reilly Walsh.
7:48 of 2nd period - Stopped by Mitchell Weeks without a rebound.
7:49 of 2nd period - Ruslan Iskhakov wins face-off versus Austin Watson in Penguins zone.
8:36 of 2nd period - Shot by Fredrik Karlstrom.
8:36 of 2nd period - Shot Misses the Net.
8:45 of 2nd period - Jonathan Aspirot is hit by Farm Player 115 and loses puck.
8:47 of 2nd period - Minor Penalty to Justin Kirkland for High sticking.
8:48 of 2nd period - Antti Saarela wins face-off versus Ruslan Iskhakov in Phantoms zone.
8:49 of 2nd period - Shot by Nikita Chibrikov.
8:49 of 2nd period - Deflect By Antti Saarela.
8:49 of 2nd period - Shot Misses the Net.
8:51 of 2nd period - Shot by Nikita Chibrikov.
8:51 of 2nd period - Shot Misses the Net.
8:53 of 2nd period - Shot by Corey Schueneman.
8:53 of 2nd period - Shot Blocked by Leon Gawanke.
8:55 of 2nd period - Shot by Antti Saarela.
8:55 of 2nd period - Shot Blocked by Fredrik Karlstrom.
9:59 of 2nd period - Shot by Brayden Tracey.
9:59 of 2nd period - Stopped by Matt Villalta without a rebound.
10:00 of 2nd period - Ryan Winterton wins face-off versus Oskar Back in Phantoms zone.
10:40 of 2nd period - Icing by Tyson Hinds.
10:41 of 2nd period - Antti Saarela wins face-off versus Jansen Harkins in Penguins zone.
10:51 of 2nd period - Minor Penalty to Marcel Marcel for Holding.
10:52 of 2nd period - Ryan Winterton wins face-off versus Ruslan Iskhakov in Penguins zone.
12:03 of 2nd period - Icing by Jansen Harkins.
12:04 of 2nd period - Ruslan Iskhakov wins face-off versus Austin Watson in Phantoms zone.
12:16 of 2nd period - Off-side.
12:17 of 2nd period - Nikita Chibrikov wins face-off versus Oskar Back in neutral zone.
13:14 of 2nd period - Shot by Matej Blumel.
13:14 of 2nd period - Shot Misses the Net.
13:16 of 2nd period - Shot by Matej Blumel.
13:16 of 2nd period - Goal by Matej Blumel - Phantoms : 3 - Penguins : 1.
13:17 of 2nd period - Fredrik Karlstrom wins face-off versus Farm Player 115 in neutral zone.
14:06 of 2nd period - Icing by Justin Bailey.
14:07 of 2nd period - Fredrik Karlstrom wins face-off versus Ryan Winterton in Phantoms zone.
14:30 of 2nd period - Shot by Austin Watson.
14:30 of 2nd period - Stopped by Matt Villalta without a rebound.
14:31 of 2nd period - Ruslan Iskhakov wins face-off versus Antti Saarela in Phantoms zone.
14:42 of 2nd period - Shot by Ruslan Iskhakov.
14:42 of 2nd period - Shot Misses the Net.
14:52 of 2nd period - Shot by Lucas Edmonds.
14:52 of 2nd period - Deflect By Nikita Chibrikov.
14:52 of 2nd period - Stopped by Matt Villalta with a rebound.
14:54 of 2nd period - Shot by Nikita Chibrikov.
14:54 of 2nd period - Goal by Nikita Chibrikov - Phantoms : 3 - Penguins : 2.
14:55 of 2nd period - Austin Watson wins face-off versus Oskar Back in neutral zone.
15:03 of 2nd period - Off-side.
15:04 of 2nd period - Oskar Back wins face-off versus Farm Player 115 in neutral zone.
15:07 of 2nd period - Anthony Deangelo is hit by Justin Kirkland and loses puck.
15:09 of 2nd period - Minor Penalty to Oskar Back for Holding.
15:10 of 2nd period - Ryan Winterton wins face-off versus Matt Rempe in Phantoms zone.
15:54 of 2nd period - Shot by Corey Schueneman.
15:54 of 2nd period - Shot Misses the Net.
15:56 of 2nd period - Shot by Corey Schueneman.
15:56 of 2nd period - Shot Misses the Net.
15:58 of 2nd period - Shot by Corey Schueneman.
15:58 of 2nd period - Stopped by Matt Villalta without a rebound.
15:59 of 2nd period - Antti Saarela wins face-off versus Ruslan Iskhakov in Phantoms zone.
16:00 of 2nd period - Shot by Corey Schueneman.
16:00 of 2nd period - Stopped by Matt Villalta with a rebound.
16:02 of 2nd period - Shot by Antti Saarela.
16:02 of 2nd period - Shot Misses the Net.
16:04 of 2nd period - Shot by Antti Saarela.
16:04 of 2nd period - Stopped by Matt Villalta without a rebound.
16:05 of 2nd period - Antti Saarela wins face-off versus Ruslan Iskhakov in Phantoms zone.
16:29 of 2nd period - Shot by Nikita Chibrikov.
16:29 of 2nd period - Shot Blocked by Fredrik Karlstrom.
17:21 of 2nd period - Shot by Matej Blumel.
17:21 of 2nd period - Deflect By Justin Kirkland.
17:21 of 2nd period - Stopped by Mitchell Weeks without a rebound.
17:22 of 2nd period - Ryan Winterton wins face-off versus Ruslan Iskhakov in Penguins zone.
17:26 of 2nd period - Off-side.
17:27 of 2nd period - Oskar Back wins face-off versus Farm Player 115 in neutral zone.
17:42 of 2nd period - Shot by Matej Blumel.
17:42 of 2nd period - Deflect By Justin Kirkland.
17:42 of 2nd period - Stopped by Mitchell Weeks without a rebound.
17:43 of 2nd period - Antti Saarela wins face-off versus Ruslan Iskhakov in Penguins zone.
17:58 of 2nd period - Icing by Jake Massie.
17:59 of 2nd period - Oskar Back wins face-off versus Antti Saarela in Penguins zone.
18:22 of 2nd period - Shot by Anthony Deangelo.
18:22 of 2nd period - Stopped by Matt Villalta without a rebound.
18:23 of 2nd period - Matt Rempe wins face-off versus Austin Watson in Phantoms zone.
18:23 of 2nd period - Matt Rempe is hit by Austin Watson.
18:42 of 2nd period - Tyler Kleven is hit by Matt Rempe and loses puck.
18:53 of 2nd period - Shot by Jansen Harkins.
18:53 of 2nd period - Stopped by Mitchell Weeks without a rebound.
18:54 of 2nd period - Oskar Back wins face-off versus Antti Saarela in Penguins zone.
18:54 of 2nd period - Oskar Back is hit by Jakub Zboril.
18:56 of 2nd period - Shot by Matej Blumel.
18:56 of 2nd period - Shot Misses the Net.
19:21 of 2nd period - Minor Penalty to Jakub Zboril for Tripping.
19:22 of 2nd period - Austin Watson wins face-off versus Oskar Back in Penguins zone.
19:22 of 2nd period - Brendan Lemieux is hit by Dryden Hunt and loses puck.
Goals for this period are 1 for Phantoms vs 1 for Penguins.
Shots for this period are 10 for Phantoms vs 13 for Penguins.

3rd period


0:01 of 3rd period - Oskar Back wins face-off versus Austin Watson in neutral zone.
0:01 of 3rd period - Dryden Hunt is hit by Austin Watson and loses puck.
0:20 of 3rd period - Minor Penalty to Tyler Kleven for High sticking.
0:21 of 3rd period - Austin Watson wins face-off versus Ruslan Iskhakov in Penguins zone.
0:35 of 3rd period - Minor Penalty to Matt Rempe for Tripping.
0:36 of 3rd period - Austin Watson wins face-off versus Oskar Back in Phantoms zone.
2:40 of 3rd period - Shot by Matt Rempe.
2:40 of 3rd period - Stopped by Mitchell Weeks without a rebound.
2:41 of 3rd period - Antti Saarela wins face-off versus Fredrik Karlstrom in Penguins zone.
2:41 of 3rd period - Antti Saarela is hit by Matt Rempe.
2:54 of 3rd period - Nikita Chibrikov is hit by Jonathan Aspirot and loses puck.
4:06 of 3rd period - Jansen Harkins is hit by Corey Schueneman and loses puck.
4:22 of 3rd period - Icing by Leon Gawanke.
4:23 of 3rd period - Ruslan Iskhakov wins face-off versus Ryan Winterton in Phantoms zone.
4:23 of 3rd period - Ruslan Iskhakov is hit by Brendan Lemieux.
4:34 of 3rd period - Shot by Ryan Winterton.
4:34 of 3rd period - Shot Misses the Net.
4:36 of 3rd period - Shot by Brendan Lemieux.
4:36 of 3rd period - Stopped by Matt Villalta with a rebound.
4:38 of 3rd period - Shot by Jake Massie.
4:38 of 3rd period - Shot Misses the Net.
5:42 of 3rd period - Shot by Matej Blumel.
5:42 of 3rd period - Shot Misses the Net.
5:44 of 3rd period - Shot by Matej Blumel.
5:44 of 3rd period - Stopped by Mitchell Weeks without a rebound.
5:45 of 3rd period - Austin Watson wins face-off versus Oskar Back in Penguins zone.
5:45 of 3rd period - Austin Watson is hit by Oskar Back.
6:04 of 3rd period - Shot by Austin Watson.
6:04 of 3rd period - Shot Hit the Post.
6:09 of 3rd period - Minor Penalty to Austin Watson for Tripping.
6:10 of 3rd period - Ruslan Iskhakov wins face-off versus Farm Player 115 in Penguins zone.
6:15 of 3rd period - Shot by Jansen Harkins.
6:15 of 3rd period - Shot Misses the Net.
6:22 of 3rd period - Icing by Ruslan Iskhakov.
6:23 of 3rd period - Ruslan Iskhakov wins face-off versus Ryan Winterton in Phantoms zone.
6:23 of 3rd period - Ruslan Iskhakov is hit by Brendan Lemieux.
6:43 of 3rd period - Shot by Jansen Harkins.
6:43 of 3rd period - Stopped by Mitchell Weeks without a rebound.
6:44 of 3rd period - Oskar Back wins face-off versus Farm Player 115 in Penguins zone.
7:08 of 3rd period - Off-side.
7:09 of 3rd period - Ruslan Iskhakov wins face-off versus Ryan Winterton in neutral zone.
7:09 of 3rd period - Matt Rempe is hit by Brendan Lemieux and loses puck.
7:14 of 3rd period - Shot by Tyler Kleven.
7:14 of 3rd period - Shot Blocked by Robert Hagg.
7:36 of 3rd period - Shot by Ruslan Iskhakov.
7:36 of 3rd period - Stopped by Mitchell Weeks with a rebound.
9:41 of 3rd period - Icing by Jake Massie.
9:42 of 3rd period - Dryden Hunt wins face-off versus Austin Watson in Penguins zone.
10:13 of 3rd period - Minor Penalty to Robert Hagg for Tripping.
10:14 of 3rd period - Oskar Back wins face-off versus Antti Saarela in Phantoms zone.
10:14 of 3rd period - Oskar Back is hit by Nikita Chibrikov.
10:30 of 3rd period - Shot by Lucas Edmonds.
10:30 of 3rd period - Shot Blocked by Simon Lundmark.
11:33 of 3rd period - Shot by Daniel Torgersson.
11:33 of 3rd period - Stopped by Matt Villalta with a rebound.
11:35 of 3rd period - Shot by Tyler Kleven.
11:35 of 3rd period - Deflect By Brayden Tracey.
11:35 of 3rd period - Stopped by Matt Villalta with a rebound.
11:37 of 3rd period - Shot by Daniel Torgersson.
11:37 of 3rd period - Shot Misses the Net.
12:17 of 3rd period - Shot by Austin Watson.
12:17 of 3rd period - Stopped by Matt Villalta without a rebound.
12:18 of 3rd period - Ruslan Iskhakov wins face-off versus Brendan Lemieux in Phantoms zone.
13:09 of 3rd period - Shot by Justin Kirkland.
13:09 of 3rd period - Stopped by Mitchell Weeks without a rebound.
13:10 of 3rd period - Oskar Back wins face-off versus Antti Saarela in Penguins zone.
13:10 of 3rd period - Justin Kirkland is hit by Corey Schueneman and loses puck.
13:12 of 3rd period - Minor Penalty to Tyler Kleven for High sticking.
13:12 of 3rd period - Minor Penalty to Matej Blumel for Cross-checking.
13:13 of 3rd period - Oskar Back wins face-off versus Marcel Marcel in Penguins zone.
13:32 of 3rd period - Fredrik Karlstrom is hit by Corey Schueneman and loses puck.
14:41 of 3rd period - Shot by Austin Watson.
14:41 of 3rd period - Stopped by Matt Villalta without a rebound.
14:42 of 3rd period - Dryden Hunt wins face-off versus Marcel Marcel in Phantoms zone.
14:56 of 3rd period - Off-side.
14:57 of 3rd period - Austin Watson wins face-off versus Oskar Back in neutral zone.
15:07 of 3rd period - Shot by Fredrik Karlstrom.
15:07 of 3rd period - Stopped by Mitchell Weeks without a rebound.
15:08 of 3rd period - Oskar Back wins face-off versus Ryan Winterton in Penguins zone.
15:19 of 3rd period - Tyler Kleven is hit by Dryden Hunt.
15:20 of 3rd period - Minor Penalty to Dryden Hunt for Cross-checking.
15:21 of 3rd period - Antti Saarela wins face-off versus Oskar Back in Phantoms zone.
15:28 of 3rd period - Shot by Jake Massie.
15:28 of 3rd period - Shot Misses the Net.
15:30 of 3rd period - Shot by Nikita Chibrikov.
15:30 of 3rd period - Stopped by Matt Villalta without a rebound.
15:31 of 3rd period - Oskar Back wins face-off versus Antti Saarela in Phantoms zone.
15:43 of 3rd period - Icing by Lucas Edmonds.
15:44 of 3rd period - Oskar Back wins face-off versus Antti Saarela in Penguins zone.
15:44 of 3rd period - Leon Gawanke is hit by Anthony Deangelo and loses puck.
16:21 of 3rd period - Shot by Ryan Winterton.
16:21 of 3rd period - Shot Blocked by Reilly Walsh.
16:23 of 3rd period - Shot by Ryan Winterton.
16:23 of 3rd period - Shot Misses the Net.
16:25 of 3rd period - Shot by Corey Schueneman.
16:25 of 3rd period - Stopped by Matt Villalta without a rebound.
16:26 of 3rd period - Oskar Back wins face-off versus Ryan Winterton in Phantoms zone.
17:09 of 3rd period - Shot by Nikita Chibrikov.
17:09 of 3rd period - Shot Misses the Net.
17:15 of 3rd period - Shot by Anthony Deangelo.
17:15 of 3rd period - Stopped by Matt Villalta without a rebound.
17:16 of 3rd period - Matt Rempe wins face-off versus Lucas Edmonds in Phantoms zone.
17:29 of 3rd period - Daniel Torgersson is hit by Dryden Hunt and loses puck.
19:13 of 3rd period - Shot by Matej Blumel.
19:13 of 3rd period - Shot Misses the Net.
19:14 of 3rd period - Minor Penalty to Jake Massie for Delaying the game.
19:15 of 3rd period - Austin Watson wins face-off versus Ruslan Iskhakov in Penguins zone.
19:15 of 3rd period - Austin Watson is hit by Matt Rempe.
19:40 of 3rd period - Shot by Robert Hagg.
19:40 of 3rd period - Stopped by Mitchell Weeks with a rebound.
Goals for this period are 0 for Phantoms vs 0 for Penguins.
Shots for this period are 7 for Phantoms vs 8 for Penguins.